 Dungeon Crawl Stone Soup version 0.31-a0-986-g5e6e4ef867 (webtiles) character file.

Game seed: 7087939590131717015

53 hito the Covered (level 3, -4/33 HPs)
             Began as an Armataur Fighter on Nov 11, 2023.
             Slain by an orc
             ... wielding a +0 hand axe
              (5 damage)
             ... on level 3 of the Dungeon.
             The game lasted 00:02:45 (1453 turns).

hito the Covered (Armataur Fighter)                 Turns: 1453, Time: 00:02:46

Health: -4/33      AC:  9    Str: 23    XL:     3   Next: 62%
Magic:  3/3        EV:  7    Int:  8    God:
Gold:   115        SH:  4    Dex:  9    Spells: 2/2 levels left

rFire   . . .        a - +0 flail
rCold   . . .        c - +0 buckler
rNeg    . . .        b - +0 scale mail
rPois   .            (no helmet)
rElec   .            k - +1 cloak
rCorr   .            (no gloves)
SInv    .            (no barding)
Will    .....        (no amulet) Stlth
                     (no ring)
HPRegen 0.25/turn    (no ring)
MPRegen 0.08/turn

%: roll
@: no status effects
A: large, rugged brown scales 3, deformed body, armoured tail, roll, long
tongue, awkward tongue
a: no special abilities


You were on level 3 of the Dungeon.
You visited 1 branch of the dungeon, and saw 3 of its levels.

You collected 115 gold pieces.

Inventory:

Hand Weapons
 a - a +0 flail (weapon)
Missiles
 p - 3 poisoned darts
Armour
 b - a +0 scale mail (worn)
 c - a +0 buckler (worn)
 k - a +1 cloak (worn)
Jewellery
 h - a ring of wizardry
 m - a +5 ring of evasion
Scrolls
 i - a scroll of revelation {unknown}
 l - a scroll of amnesia {unknown}
 o - a scroll of fog {unknown}
 q - a scroll of brand weapon {unknown}
 r - a scroll of fear {unknown}
 s - a scroll of silence {unknown}
 t - a scroll of torment {unknown}
Potions
 d - 3 potions of might
 e - 2 potions of ambrosia
 g - a potion of enlightenment {unknown}
 j - 2 potions of curing
 n - a potion of berserk rage {unknown}


   Skills:
 + Level 3.4 Fighting
 - Level 2.0 Maces & Flails
 + Level 4.7 Armour
 - Level 3.2 Shields


You had 2 spell levels left.
You didn't know any spells.
Your spell library was empty.

Dungeon Overview and Level Annotations

Branches:
Dungeon (3/15)

Altars:
Elyvilon


Innate Abilities, Weirdness & Mutations

You are completely covered in rugged brown scales. (AC +3, +7% HP)
Armour fits poorly on your strangely shaped body.
You have a long armoured tail.
You roll when moving toward enemies. (Rampage)
Your long tongue fully drains potion bottles. (2x potion effects)
Your tongue gives you trouble enunciating. (1.5x scroll delay)


Message History

Your tail-slap misses the bat.
The bat barely misses you. The bat hits you but does no damage.
You closely miss the bat. The bat hits you but does no damage. x2
Found a stone staircase leading down.
You block the bat's attack.
You completely miss the bat. The bat hits you but does no damage.
You roll towards the bat!
You sock the bat!
You kill the bat!
An orc comes into view. It is wielding a +0 hand axe.
The orc shouts!
You hear an angry hiss.
An iguana comes into view.
You block the orc's attack. The orc barely misses you.
You barely miss the orc.
Your tail-slap misses the orc.
The orc hits you but does no damage. x2; The iguana bites you!
You closely miss the iguana. The iguana bites you!
The orc hits you but does no damage.
You barely miss the iguana.
You tail-slap the iguana, but do no damage.
The iguana bites you but does no damage.
The orc hits you with a +0 hand axe.
You barely miss the iguana.
You tail-slap the iguana, but do no damage.
The iguana bites you.
* * * LOW HITPOINT WARNING * * *
The orc closely misses you. The iguana bites you.
* * * LOW HITPOINT WARNING * * *
The orc hits you with a +0 hand axe.
* * * LOW HITPOINT WARNING * * *
Unknown command.
You sock the iguana! You tail-slap the iguana.
The iguana is severely wounded.
The iguana bites you but does no damage.
The orc barely misses you.
You hit the iguana.
The iguana is almost dead.
You hear the slow rusting of a drain nearby.
The iguana bites you.
* * * LOW HITPOINT WARNING * * *
The orc hits you with a +0 hand axe.
You die...

### #####.. #..>....# #
#... ...# #.# #..#
#.###...#
###..####..@l.### #
....##....o.......
#.##..##..########..
#......#..#.....##..#
#......#..#.#.#.....##
....###...........<....
. #..#....#.#.# ..#
#..#........# ..##
..._.........#..### ...


You could see an iguana and an orc.

Vanquished Creatures
  An adder (D:1)
  3 worms (D:2)
  A dart slug (D:3)
  3 ball pythons
  4 endoplasms (D:1)
  4 goblins
  4 hobgoblins
  2 jackals (D:2)
  4 kobolds
  3 bats
  2 frilled lizards (D:2)
31 creatures vanquished.

Notes
Turn   | Place    | Note
-------+----------+-------------------------------------------
     0 | D:1      | hito the Armataur Fighter began the quest for the Orb.
     0 | D:1      | Reached XP level 1. HP: 19/19 MP: 1/1
   157 | D:1      | Reached XP level 2. HP: 21/26 MP: 2/2
   207 | D:1      | Reached skill level 4 in Armour
   941 | D:2      | Reached XP level 3. HP: 33/33 MP: 3/3
  1432 | D:3      | Found a white marble altar of Elyvilon.
  1453 | D:3      | HP: 1/33 [iguana (5)]
  1453 | D:3      | Slain by an orc

Illustrated notes

Levels and vault maps discovered:
D:1:      roadster_arrival_rocket_large, layout_basic, minivault_27
D:2:      layout_rooms
D:3:      layout_loops_ring, nicolae_overflow_crystal_walls,
          nicolae_ru_sacrificial_ziggurat, portal_sewer_entry_b, serial_glass,
          glass_columns_a, glass_columns_b, glass_columns_b, glass_columns_a,
          chequers_serial_rivers_micro_b, kennysheep_crisscross

Skill      XL: |  1  2 |
---------------+-------+-----
Maces & Flails | 2 |  2.0
Armour         | 4 |  4.7
Fighting       | 3 |  3.4
Shields        | |  3.2

Action                     || total
---------------------------++-------
  Melee: Flail             ||   192
         Tailslap          ||    41
    Use: Scroll            ||     2
 Armour: Scale mail        ||   110
  Dodge: Dodged            ||    45
  Block: Buckler           ||    20

Table legend: (Time is in decaauts)
 A = Elapsed time spent in this place.
 B = Non-inter-level travel time spent in this place.
 C = Inter-level travel time spent in this place.
 D = Time resting spent in this place.
 E = Time spent auto-exploring this place.
 F = Levels seen in this place.
 G = Mean time per level.
                   A        B        C        D        E       F      G
               +--------+--------+--------+--------+--------+-----+--------+
         Total |   1517 |   1442 |     75 |    133 |    834 |   3 |  505.7 |
       Dungeon |   1517 |   1442 |     75 |    133 |    834 |   3 |  505.7 |
               +--------+--------+--------+--------+--------+-----+--------+

Top non-repeatable levels by time:
     D:1: 902 daAuts
     D:2: 566 daAuts
     D:3: 49 daAuts
